 Dungeon Crawl Stone Soup version 0.29.1-2-gbd0b4ee654 (webtiles) character file.

Game seed: 18339498955123124817

2941 kingsuperguy the Cleaver (level 9, -1/81 HPs)
             Began as a Minotaur Berserker on Nov 17, 2022.
             Was a Priest of Trog.
             Slain by a killer bee (4 damage)
             ... on level 6 of the Dungeon.
             The game lasted 00:12:56 (8304 turns).

kingsuperguy the Cleaver (Minotaur Berserker)       Turns: 8304, Time: 00:12:56

Health: -1/81      AC: 10    Str: 27    XL:     9   Next: 51%
Magic:  8/8        EV: 12    Int: 10    God:    Trog [***...]
Gold:   513        SH:  0    Dex:  9    Spells: 8/8 levels left

rFire   . . .      SeeInvis .   o - +0 broad axe
rCold   . . .      Faith    .   (no shield)
rNeg    . . .      Spirit   .   q - +0 ring mail
rPois   .          Reflect  .   (helmet restricted)
rElec   .          Harm     .   C - +1 cloak {Stlth+}
rCorr   .          Rampage  .   L - +0 pair of gloves
Will    .....                   (no boots)
Stlth   ++........              (no amulet)
HPRegen 0.23/turn               f - +6 ring of intelligence
MPRegen 0.11/turn               (no ring)

@: on berserk cooldown, slowed, very slow
A: horns 2, retaliatory headbutt
a: Renounce Religion, Berserk, Trog's Hand


You were on level 6 of the Dungeon.
You worshipped Trog.
Trog was most pleased with you.
You visited 1 branch of the dungeon, and saw 7 of its levels.

You collected 513 gold pieces.

Inventory:

Hand Weapons
 a - a +0 hand axe
 h - a +2 dagger of venom
 o - a +0 broad axe (weapon)
 p - a +1 vorpal flail
 x - a +2 vorpal hand axe
 K - a +0 shortbow
Armour
 b - a +0 animal skin
 q - a +0 ring mail (worn)
 z - a +0 chain mail
 C - a +1 cloak of stealth (worn)
 J - +0 steam dragon scales
 L - a +0 pair of gloves (worn)
Jewellery
 f - a +6 ring of intelligence (left hand)
 l - a +6 ring of intelligence
 w - a ring of fire
 G - a ring of flight
Wands
 D - a wand of iceblast (5)
 F - a wand of charming (5)
 H - a wand of acid (11)
Scrolls
 c - 2 scrolls of identify {unknown}
 g - 4 scrolls of blinking {unknown}
 i - a scroll of fear {unknown}
 n - 2 scrolls of amnesia {unknown}
 t - a scroll of vulnerability {unknown}
 u - 5 scrolls of teleportation {unknown}
 y - a scroll of butterflies {unknown}
 A - a scroll of acquirement {unknown}
 E - a scroll of immolation {unknown}
 I - a scroll of silence {unknown}
Potions
 d - 4 potions of curing {unknown}
 e - 2 potions of might {unknown}
 j - a potion of mutation {unknown}
 k - 4 potions of degeneration {unknown}
 m - 2 potions of lignification {unknown}
 r - 5 potions of flight {unknown}
 s - 3 potions of attraction {unknown}
 v - a potion of haste
 B - 3 potions of invisibility {unknown}


   Skills:
 + Level 8.1 Fighting
 + Level 11.0 Axes
 + Level 7.7 Armour
 + Level 4.9 Dodging
 + Level 2.4 Stealth


You had 8 spell levels left.
You didn't know any spells.
Your spell library was empty.

Dungeon Overview and Level Annotations

Branches:
Dungeon (7/15)             Temple (0/1) D:4

Altars:
Elyvilon
Kikubaaqudgha
Makhleb
Nemelex Xobeh
Sif Muna
Trog

Shops:
D:2 !   D:6 (

Annotations:
D:7 Joseph


Innate Abilities, Weirdness & Mutations

You have a pair of horns on your head.
You reflexively headbutt those who attack you in melee.


Message History

* * * LOW HITPOINT WARNING * * *
There is an escape hatch in the ceiling here.
You can't go down here!
You are no longer berserk.
You are exhausted.
You feel yourself slow down.
You feel sick.
The killer bee stings you but does no damage.
The killer bee stings you!
* * * LOW HITPOINT WARNING * * *
The centaur shoots an arrow.
The arrow closely misses you.
The arrow hits the killer bee!
The killer bee dies!
A mysterious force pulls you upwards. The hatch slams shut behind you.
You feel sick.
Unknown command.
Okay, then.
You closely miss the killer bee.
The killer bee is severely wounded.
You feel sick.
You are no longer poisoned.
The killer bee barely misses you. You furiously retaliate!
You headbutt the killer bee, but do no damage.
The killer bee stings you but does no damage. x2
You are too injured to fight recklessly!
Okay, then.
Aiming: Charm
Press: ? - help, Q - select action, (/) - cycle Shift-Dir - straight line
Okay, then.
Aiming: Iceblast
Press: ? - help, Q - select action, (/) - cycle Shift-Dir - straight line, f - killer bee
Aim: a killer bee (severely wounded) That beam is likely to hit you.
Continue anyway?
Okay, then.
Okay, then.
You barely miss the killer bee. Your headbutt misses the killer bee.
The killer bee is severely wounded.
The killer bee misses you.
The killer bee stings you but does no damage.
The killer bee stings you.
You die...

#.###.#..###........
#.# #.#..# #######.#
#.# #.#..# #.# #.#
#.#(.# #.# #.#
#.#..# #.# #.#
#.#..#########.#
#.###.#............#
#.##.........#######
#..@y...###..#
#.##)#### #..#
#########.##.# #..#
#.......<.##.# #..#
#.####.......# #..#
#.# #.##.#### #..#
#.# #.##.# ##..#
##### #.####.##.#
##.#.###..).
#.##......####
#.###....###


You could see a killer bee.

Vanquished Creatures
  Grinder (D:3)
  Sigmund (D:2)
  A steam dragon (D:6)
  A water moccasin (D:5)
  An orc warrior (D:6)
  5 black bears
  2 ice beasts (D:7)
  An ogre (D:5)
  A centaur (D:7)
  A kobold brigand (D:7)
  Blork the orc (D:5)
  A necrophage (D:6)
  6 scorpions
  2 killer bees (D:7)
  4 orc priests
  4 hounds
  A gnoll bouda (D:5)
  A jelly (D:5)
  Crazy Yiuf (D:2)
  Ijyb (D:5)
  Terence (D:2)
  4 iguanas
  An orc wizard (D:5)
  11 adders
  12 gnolls
  A shadow imp (D:6)
  A white imp (D:7)
  2 ufetubi
  2 worms
  A dart slug (D:1)
  20 orcs
  A bat zombie (D:3)
  5 endoplasms
  2 giant cockroaches (D:2)
  6 goblins
  6 hobgoblins (D:1)
  2 jackals (D:2)
  A quokka (D:2)
  7 ball pythons
  4 bats
  3 frilled lizards
  4 kobolds (D:1)
  3 rats (D:1)
  2 rat zombies (D:3)
139 creatures vanquished.

Vanquished Creatures (others)
  2 killer bees (D:7)
  A kobold (D:7)
  A fungus (D:4)
4 creatures vanquished.

Grand Total: 143 creatures vanquished

Notes
Turn   | Place    | Note
-------+----------+-------------------------------------------
     0 | D:1      | kingsuperguy the Minotaur Berserker began the quest for the
                  | Orb.
     0 | D:1      | Reached XP level 1. HP: 19/19 MP: 0/0
   207 | D:1      | Reached XP level 2. HP: 15/27 MP: 1/1
   219 | D:1      | Reached skill level 4 in Axes
   794 | D:1      | Found a faded altar of an unknown god.
  1174 | D:2      | Reached XP level 3. HP: 33/33 MP: 2/2
  1201 | D:2      | Reached ** piety under Trog
  1450 | D:2      | Reached skill level 5 in Axes
  1450 | D:2      | Reached XP level 4. HP: 18/41 MP: 3/3
  1752 | D:2      | Found Maleus's Distillery.
  1885 | D:2      | Noticed Terence
  1894 | D:2      | Killed Terence
  2093 | D:2      | Noticed Sigmund
  2189 | D:3      | Noticed Grinder
  2246 | D:4      | Found a burning altar of Makhleb.
  2396 | D:4      | Found a staircase to the Ecumenical Temple.
  2476 | D:4      | Reached skill level 5 in Fighting
  2476 | D:4      | Reached XP level 5. HP: 48/48 MP: 4/4
  2489 | D:4      | Found a sparkling altar of Nemelex Xobeh.
  2489 | D:4      | Found a bloodstained altar of Trog.
  2582 | D:4      | Reached skill level 6 in Axes
  2582 | D:4      | Reached skill level 1 in Stealth
  2591 | D:4      | Reached XP level 6. HP: 43/56 MP: 5/5
  3665 | D:3      | Reached skill level 7 in Axes
  3670 | D:3      | Paralysed by Grinder for 3 turns
  3682 | D:3      | Paralysed by Grinder for 3 turns
  3694 | D:3      | Killed Grinder
  3695 | D:3      | Reached XP level 7. HP: 63/63 MP: 6/6
  4220 | D:3      | Found an ancient bone altar of Kikubaaqudgha.
  4297 | D:2      | Found a runed translucent door.
  4298 | D:2      | Noticed Crazy Yiuf
  4331 | D:2      | Killed Sigmund
  4505 | D:2      | Reached skill level 8 in Axes
  4510 | D:2      | Reached *** piety under Trog
  4677 | D:2      | Killed Crazy Yiuf
  4765 | D:5      | Entered Level 5 of the Dungeon
  4826 | D:5      | Reached skill level 5 in Armour
  4826 | D:5      | Reached XP level 8. HP: 71/71 MP: 7/7
  5176 | D:5      | Noticed Blork the orc
  5180 | D:5      | Killed Blork the orc
  5272 | D:5      | Reached skill level 9 in Axes
  5747 | D:5      | Noticed Ijyb
  5766 | D:5      | Killed Ijyb
  6776 | D:6      | Reached XP level 9. HP: 46/79 MP: 8/8
  6934 | D:6      | Identified the +2 short sword of Plague {venom, Fragile
                  | MP+9 Int+4 Stlth+}
  6950 | D:6      | Reached skill level 10 in Axes
  6958 | D:6      | Found Docuuxi's Weapon Emporium.
  7225 | D:6      | Identified the +10 trident "Jaogeah" {spect, rPois Dex+2
                  | Stlth+}
  7823 | D:6      | Found a shimmering blue altar of Sif Muna.
  8211 | D:7      | Found a white marble altar of Elyvilon.
  8293 | D:7      | Noticed Joseph
  8298 | D:7      | Reached skill level 11 in Axes
  8301 | D:7      | HP: 4/81 [killer bee (7)]
  8304 | D:6      | Slain by a killer bee

Illustrated notes

Levels and vault maps discovered:
D:1:      scummos_arrival_checkerplants, layout_loops_ring,
          shapermc_ecumenical_altar_totnotflames, dreamdust_wishing_well,
          minmay_octomino_c4
D:2:      layout_rooms, serial_shops, shop_statue, uniq_sigmund,
          uniq_crazy_yiuf_cottage, uniq_terence
D:3:      layout_loops_ring, lemuel_zombie_altar_kikubaaqudgha, uniq_grinder
D:4:      old_forge, layout_basic, gammafunk_temple_overflow_wave,
          mainiacjoe_overflow_alcove_4, minmay_temple_entry_junction
D:5:      layout_loops_ring, uniq_ijyb, uniq_blork_the_orc
D:6:      layout_loops_ring, lemuel_blue_sif_altar, serial_shops,
          nicolae_shop_bloodbath_and_beyond
D:7:      kennysheep_seaside_town, layout_rooms, lemuel_crystal_altar,
          eino_jars, uniq_joseph

Skill      XL: |  1  2  3  4  5  6  7  8  9 |
---------------+----------------------------+-----
Fighting       | 4 5 6 7 8 |  8.1
Axes           | 4 5 6 7 8 9 11 | 11.0
Dodging        | 3 4 |  4.9
Armour         | 3 4 5 6 7 |  7.7
Stealth        | 1 2 |  2.4

Action                   |  1- 3 |  4- 6 |  7- 9 || total
-------------------------+-------+-------+-------++-------
Melee: Hand axe          |    66 |    15 |       ||    81
       Headbutt          |     7 |    12 |    30 ||    49
       Punch             |     1 |     1 |       ||     2
       Broad axe         |       |    71 |   204 ||   275
Invok: Berserk           |     3 |     3 |     6 ||    12
 Stab: Sleeping          |       |       |     1 ||     1
Armor: Animal skin       |     9 |     2 |       ||    11
       Ring mail         |       |    35 |    93 ||   128
Dodge: Dodged            |    45 |    52 |   142 ||   239
